 Dungeon Crawl Stone Soup version 0.32-a0-314-g526f7d4993 (webtiles) character file.

Game seed: 9279363732408366014

968 Newt the Slasher (level 7, -8/56 HPs)
             Began as a Demonspawn Gladiator on Feb 15, 2024.
             Mangled by a mummy (19 damage)
             ... in an ossuary.
             The game lasted 00:03:46 (3296 turns).

Newt the Slasher (Demonspawn Gladiator)             Turns: 3296, Time: 00:03:46

Health: -8/56      AC: 12    Str: 16    XL:     7   Next: 93%
Magic:  7/7        EV:  8    Int:  8    God:
Gold:   266        SH:  4    Dex: 15    Spells: 6/6 levels left

rFire   + . .        a - +0 long sword
rCold   . . .        (no shield)
rNeg    . . .        k - +1 chain mail of Ogumoege {rF+ Slay+3}
rPois   .            (helmet restricted)
rElec   .            r - +0 cloak
rCorr   .            u - +0 pair of gloves
SInv    .            q - +0 pair of boots
Will    +....        (no amulet)
Stlth   x              - ring of willpower
HPRegen 0.29/turn    (no ring)
MPRegen 0.10/turn

%: no passive effects
@: marked
A: antennae 1, condensation shield
a: no special abilities


You were in an ossuary.
You visited 1 branch of the dungeon, and saw 5 of its levels.
You also visited: Sewer and Ossuary.

You collected 266 gold pieces.

Inventory:

Hand Weapons
 a - a +0 long sword (weapon)
Missiles
 d - 2 throwing nets (quivered)
 e - a javelin
 t - 5 atropa-tipped darts
Armour
 b - a +0 leather armour
 c - a +0 helmet
 k - the +1 chain mail of Ogumoege (worn) {rF+ Slay+3}
   (You found it on level 2 of the Dungeon)

   Slay+3:    It affects your accuracy & damage with ranged weapons and melee
   (+3).
   rF+:       It protects you from fire.
 q - a +0 pair of boots (worn)
 r - a +0 cloak (worn)
 u - a +0 pair of gloves (worn)
Jewellery
 x - a ring of willpower (left hand)
 y - a ring of willpower
Wands
 z - a wand of iceblast (8)
Scrolls
 g - 2 scrolls of fear {unknown}
 h - 2 scrolls of blinking {unknown}
 i - 5 scrolls of noise
 l - 2 scrolls of teleportation
 m - a scroll of poison {unknown}
 p - a scroll of immolation {unknown}
 A - 2 scrolls of identify {unknown}
 B - 2 scrolls of enchant weapon {unknown}
 C - a scroll of fog {unknown}
Potions
 f - a potion of ambrosia {unknown}
 j - 3 potions of might {unknown}
 n - 2 potions of heal wounds {unknown}
 o - a potion of brilliance {unknown}
 s - 9 potions of degeneration
 v - 5 potions of curing
 w - 2 potions of enlightenment
 D - a potion of lignification {unknown}
 E - a potion of cancellation {unknown}


   Skills:
 + Level 5.6 Fighting
 - Level 7.0 Long Blades
 - Level 1.7 Throwing
 * Level 1.8 Armour
 - Level 2.6 Dodging


You had 6 spell levels left.
You didn't know any spells.
Your spell library contained the following spells:

 Spells                   Type           Power      Damage    Failure   Level
 Kiss of Death            Conj/Necr      0%         2d5       99%         1
 Slow                     Hex            0%         N/A       99%         1
 Confusing Touch          Hex            0%         N/A       100%        3
 Sigil of Binding         Hex            0%         N/A       100%        3
 Vampiric Draining        Necr           0%         2d6       100%        3
 Dispel Undead            Necr           0%         3d6       100%        4


Dungeon Overview and Level Annotations

Branches:
Dungeon (5/15)              Sewer (visited)         Ossuary (1/1)
 Temple: D:4-7

Altars:

Shops:
D:3 =   D:4 (


Innate Abilities, Weirdness & Mutations

You have a pair of small antennae on your head.
A meltable shield of frost defends you. (SH +4)


Message History

You kill the burial acolyte!
A burial acolyte comes into view. It is wielding a +0 dagger.
A kobold zombie comes into view.
You slash the kobold zombie!
You destroy the kobold zombie!
The mummy no longer looks unusually strong.
The mummy is no longer moving quickly.
You hit the mummy.
The mummy is moderately damaged.
A kobold zombie comes into view.
The mummy barely misses you.
You barely miss the mummy.
The mummy is moderately damaged.
The burial acolyte utters a dark prayer and points at you.
Your life force is offered up.
The mummy is healed.
You hit the mummy.
The mummy is lightly damaged.
The mummy hits you!
You are too injured to fight recklessly!
You are too injured to fight recklessly!
You hit the mummy.
The mummy is moderately damaged.
The mummy hits you but does no damage.
Unknown command.
You barely miss the mummy.
The mummy is moderately damaged.
Unknown command.
You barely miss the mummy.
The mummy is moderately damaged.
The mummy closely misses you.
The burial acolyte recites a funeral chant.
The mummy is empowered.
The kobold zombie is empowered. x2
Unknown command.
You slash the mummy!
The mummy is almost destroyed.
The burial acolyte utters a dark prayer and points at you.
Your life force is offered up.
* * * LOW HITPOINT WARNING * * *
The mummy is healed.
The mummy hits you!!
You die...

### ###.### #####
##.....## ### #.?.#
#.......# #.. ??!
####.#### #.. #M#
#.# ##. ###@#
###'### #. #.'p##
##.....## ##'
#.#ZZ###.......###..
#.#...'.........'...
# #.#.'....⌠....'.#.
#..^'.........'...
#..###.......###..
''## ##.....## ##'
##+#'## #.


You could see a mummy (strong, swift), a burial acolyte and 2 kobold zombies.

Vanquished Creatures
  Sigmund (D:3)
  An ice beast (D:5)
  2 kobold brigands (Sewer)
  A burial acolyte (Ossuary)
  2 hounds
  A bombardier beetle (D:4)
  A human zombie (Ossuary)
  Crazy Yiuf (D:3)
  2 iguanas
  4 orc wizards
  2 mummies (Ossuary)
  3 adders
  3 gnolls (D:3)
  A river rat (Sewer)
  3 dart slugs
  2 ribbon worms (D:4)
  8 orcs
  3 ball pythons
  6 endoplasms
  2 giant cockroaches (D:4)
  4 hobgoblins
  A jackal (Sewer)
  7 kobolds
  2 quokkas
  4 bats
  A frilled lizard (D:1)
  2 gnoll zombies (Ossuary)
  5 goblins
  2 kobold zombies (Ossuary)
  An orc zombie (Ossuary)
  3 rats
81 creatures vanquished.

Notes
Turn   | Place    | Note
-------+----------+-------------------------------------------
     0 | D:1      | Newt the Demonspawn Gladiator began the quest for the Orb.
     0 | D:1      | Reached XP level 1. HP: 16/16 MP: 1/1
   143 | D:1      | Reached skill level 3 in Long Blades
   145 | D:1      | Gained mutation: A meltable shield of frost defends you.
                  | (SH +4) [demonic ancestry]
   145 | D:1      | Reached XP level 2. HP: 22/22 MP: 2/2
   678 | D:2      | Identified the +1 chain mail of Ogumoege {rF+ Slay+3}
   721 | D:2      | Reached XP level 3. HP: 28/28 MP: 3/3
  1259 | D:3      | Reached skill level 4 in Long Blades
  1259 | D:3      | Reached XP level 4. HP: 33/35 MP: 4/4
  1415 | D:3      | Gained mutation: You have a pair of small antennae on your
                  | head. [demonic ancestry]
  1415 | D:3      | Reached XP level 5. HP: 19/41 MP: 5/5
  1653 | D:3      | Noticed Sigmund
  1662 | D:3      | Killed Sigmund
  1663 | D:3      | Reached skill level 5 in Long Blades
  1663 | D:3      | Reached XP level 6. HP: 38/48 MP: 6/6
  1890 | D:3      | Found Feiz's Jewellery Shop.
  2117 | D:3      | Found a runed translucent door.
  2118 | D:3      | Noticed Crazy Yiuf
  2129 | D:3      | Killed Crazy Yiuf
  2286 | D:4      | Reached skill level 6 in Long Blades
  2301 | D:4      | Found a glowing drain.
  2305 | Sewer    | Entered a sewer
  2392 | Sewer    | Reached XP level 7. HP: 45/55 MP: 7/7
  2436 | Sewer    | Reached skill level 5 in Fighting
  2710 | D:4      | Found Jesmoc's Weapon Shoppe.
  2977 | D:5      | Entered Level 5 of the Dungeon
  2992 | D:5      | Reached skill level 7 in Long Blades
  3071 | D:5      | Found a sand-covered staircase.
  3086 | Ossuary  | Entered an ossuary
  3110 | Ossuary  | Reached skill level 1 in Armour
  3296 | Ossuary  | Mangled by a mummy

Illustrated notes

Levels and vault maps discovered:
D:1:      dpeg_arrival_refuge, layout_loops_ring
D:2:      layout_rooms, serial_corexii_hall, chequers_hall_statues_y,
          corexii_hall_statues_l, amethyst_killhole
D:3:      layout_loops_cross, serial_shops, shop, st_stairs_13,
          nicolae_elevator_lobby_asterisk, uniq_sigmund, uniq_crazy_yiuf_cottage
D:4:      layout_rooms, serial_shops, nicolae_shop_advertising_works
          [nicolae_subvault_shop_adworks], gup_sewer_entry_bowl
D:5:      layout_gridville, enter_ossuary_1, minmay_misc_feat_diagonals,
          serial_library_hellmonk_open_square
Ossuary:  ossuary_crypta

Skill      XL: |  1  2  3  4  5  6  7 |
---------------+----------------------+-----
Long Blades    | 3 4 5 6 7 |  7.0
Fighting       | 3 4 5 |  5.6
Armour         | 1 |  1.8
Throwing       | |  1.7
Dodging        | |  2.6

Action                     |  1- 3 |  4- 6 |  7- 9 || total
---------------------------+-------+-------+-------++-------
  Melee: Long sword        |    55 |   127 |   118 ||   300
  Throw: Throwing net      |       |     2 |       ||     2
    Use: Scroll            |     2 |       |       ||     2
   Stab: Held in net/web   |       |     1 |       ||     1
 Armour: Leather armour    |    21 |       |       ||    21
         Chain mail        |    14 |   112 |    57 ||   183
  Dodge: Dodged            |    29 |    64 |    37 ||   130
  Block: Other             |     6 |    13 |     9 ||    28

Table legend: (Time is in decaauts)
 A = Elapsed time spent in this place.
 B = Non-inter-level travel time spent in this place.
 C = Inter-level travel time spent in this place.
 D = Time resting spent in this place.
 E = Time spent auto-exploring this place.
 F = Levels seen in this place.
 G = Mean time per level.
                   A        B        C        D        E       F      G
               +--------+--------+--------+--------+--------+-----+--------+
         Total |   3369 |   3188 |    181 |    133 |   2359 |   7 |  481.3 |
       Dungeon |   2900 |   2719 |    181 |    133 |   2075 |   5 |  580.0 |
         Sewer |    256 |    256 |      0 |      0 |    131 |   1 |  256.0 |
       Ossuary |    211 |    211 |      0 |      0 |    152 |   1 |  211.0 |
               +--------+--------+--------+--------+--------+-----+--------+

Top non-repeatable levels by time:
     D:3: 985 daAuts
     D:1: 682 daAuts
     D:2: 566 daAuts
     D:4: 555 daAuts
   Sewer: 256 daAuts
 Ossuary: 211 daAuts
     D:5: 109 daAuts
